 Dungeon Crawl Stone Soup version 0.29-a0-322-g68df515428 (console) character file.

Game seed: 7144442890844095244

117 Ignak the Skirmisher (level 5, 0/53 HPs)
             Began as an Ogre Warper on Apr 6, 2022.
             Asphyxiated
             ... in a sewer.
             The game lasted 00:06:26 (2986 turns).

Ignak the Skirmisher (Ogre Warper)                  Turns: 2986, Time: 00:06:27

Health: 0/53       AC:  4    Str: 17    XL:     5   Next: 1%
Magic:  5/9        EV: 10    Int: 14    God:
Gold:   101        SH:  0    Dex: 14    Spells: 0/10 levels left

rFire   . . .      SeeInvis .   i - +1 dagger (venom)
rCold   . . .      Faith    .   (no shield)
rNeg    . . .      Spirit   .   b - +0 robe
rPois   .          Reflect  .   (helmet restricted)
rElec   .          Harm     .   p - +0 cloak
rCorr   .          Rampage  .   (gloves unavailable)
Will    .....                   (boots unavailable)
Stlth   +.........              (no amulet)
HPRegen 0.17/turn               o - +6 ring of dexterity
MPRegen 0.11/turn               (no ring)

@: lethally poisoned (0 -> -15), on blink cooldown
A: large, unfitting armour, tough skin 1
a: no special abilities


You were in a sewer.
You visited 1 branch of the dungeon, and saw 3 of its levels.
You also visited: Sewer.

You collected 101 gold pieces.

Inventory:

Hand Weapons
 i - a +1 dagger of venom (weapon)
 n - a +1 war axe
Missiles
 d - 6 boomerangs of dispersal (quivered)
Armour
 b - a +0 robe (worn)
 p - a +0 cloak (worn)
Magical Staves
 h - a staff of cold
Jewellery
 o - a +6 ring of dexterity (left hand)
Scrolls
 c - a scroll of blinking
 f - a scroll of enchant weapon
 j - 2 scrolls of immolation
Potions
 a - a potion of flight {unknown}
 e - a potion of invisibility {unknown}
 g - a potion of cancellation {unknown}
 k - a potion of haste {unknown}
 l - a potion of lignification {unknown}
 m - 2 potions of curing {unknown}


   Skills:
 + Level 3.4 Fighting
 + Level 2.4 Maces & Flails
 + Level 2.1 Throwing
 + Level 2.6 Dodging
 + Level 3.1 Spellcasting
 + Level 3.1 Translocations
 + Level 0.5 Ice Magic


You couldn't memorise any spells.
You knew the following spells:

 Your Spells              Type           Power      Damage    Failure   Level
a - Teleport Other        Tloc           11%        N/A       17%         3
b - Blink                 Tloc           22%        N/A       9%          2
z - Manifold Assault      Tloc           11%        N/A       85%         5

Your spell library contained the following spells:

 Spells                   Type           Power      Damage    Failure   Level
 Gell's Gravitas          Tloc           11%        N/A       17%         3
 Lesser Beckoning         Tloc           11%        N/A       17%         3


Dungeon Overview and Level Annotations

Branches:
Dungeon (3/15)              Sewer (1/1)

Altars:
Kikubaaqudgha

Shops:
D:2 *

Annotations:
D:2 Sigmund


Innate Abilities, Weirdness & Mutations

You are too large for most types of armour.
You have tough skin. (AC +1)


Message History

The kobold brigand hits you but does no damage.
You hit the kobold brigand.
The kobold brigand looks as sick as possible!
The kobold brigand is severely wounded.
The kobold shoots a bolt.
The bolt closely misses you.
The kobold brigand hits you with a +0 club.
Press: ? - help, v - describe, . - travel, g - get item
Here: a kobold brigand, wielding a +0 club and quivering curare-tipped darts (severely wounded, extremely poisoned)
Items here: a +0 short sword; 5 poisoned darts.
The floor.
Casting: Blink (safe; 9% risk of failure)
Confirm with . or Enter, or press ? or * to list all spells.
You blink.
The kobold shoots a bolt.
The bolt hits you.
The kobold shoots a bolt.
The bolt closely misses you.
You hit the kobold but do no damage.
The kobold is poisoned.
You hit the kobold but do no damage.
The kobold is severely wounded.
You feel stable enough to blink again.
The kobold unwields a +0 hand crossbow.
The kobold wields a +0 whip.
The kobold hits you but does no damage.
The kobold brigand hits you with a +0 club!
* * * LOW HITPOINT WARNING * * *
Press: ? - help, v - describe, . - travel
Here: a kobold brigand, wielding a +0 club and quivering curare-tipped darts (almost dead, very poisoned)
The floor.
You hit the kobold brigand.
The kobold brigand is almost dead.
The kobold hits you with a +0 whip.
* * * LOW HITPOINT WARNING * * *
The kobold brigand hits you with a +0 club.
* * * LOW HITPOINT WARNING * * *
Casting: Blink (safe; 9% risk of failure)
Confirm with . or Enter, or press ? or * to list all spells.
You blink.
You kill the kobold!
The kobold brigand throws a curare-tipped dart.
The curare-tipped dart hits you.
You are lethally poisoned!
You have difficulty breathing.
You die...

≈≈≈≈≈≈≈≈....#
≈≈≈≈≈≈....##
≈≈≈≈≈≈≈...#
≈≈≈≈≈≈....#
≈≈≈≈≈≈≈).##
≈≈≈≈###)###
≈≈≈≈#.....#
≈≈≈ #.....#
≈≈ ##K.@##
#§)...#
#!.#..#
#######
≈≈≈≈≈≈≈≈≈
≈≈≈≈≈≈≈≈≈≈≈
#############


You could see a kobold brigand (very poisoned).

Vanquished Creatures
  6 adders
  A river rat (Sewer)
  A worm (D:2)
  2 dart slugs (D:1)
  2 ball pythons (D:1)
  3 endoplasms
  3 goblins
  4 hobgoblins
  2 jackals (D:3)
  8 kobolds
  2 quokkas (D:2)
  7 bats
  A frilled lizard (D:2)
  10 rats
52 creatures vanquished.

Notes
Turn   | Place    | Note
-------+----------+-------------------------------------------
     0 | D:1      | Ignak the Ogre Warper began the quest for the Orb.
     0 | D:1      | Reached XP level 1. HP: 22/22 MP: 3/3
    52 | D:1      | You fall into a shaft and drop 1 floor!
   235 | D:2      | Reached XP level 2. HP: 27/29 MP: 3/5
   239 | D:2      | Learned a level 2 spell: Blink
   643 | D:1      | Reached XP level 3. HP: 37/37 MP: 7/7
   795 | D:1      | Learned a level 3 spell: Teleport Other
  1018 | D:2      | Found a faded altar of an unknown god.
  1433 | D:2      | Found Agena's General Store.
  1594 | D:2      | Reached XP level 4. HP: 45/45 MP: 8/8
  1757 | D:2      | Noticed Sigmund
  2259 | D:3      | Found an ancient bone altar of Kikubaaqudgha.
  2761 | D:3      | Found a glowing drain.
  2785 | Sewer    | Entered a sewer
  2948 | Sewer    | Reached XP level 5. HP: 53/53 MP: 9/9
  2954 | Sewer    | Learned a level 5 spell: Manifold Assault
  2962 | Sewer    | Noticed a kobold brigand
  2986 | Sewer    | Asphyxiated

Illustrated notes

Levels and vault maps discovered:
D:1:      psy_arrival_basics, layout_rooms, st_stairs_8
D:2:      layout_basic, ebering_ecumenical_altar_rust, serial_shops,
          nicolae_shop_advertising_works [nicolae_subvault_shop_adworks],
          uniq_robin, uniq_sigmund
D:3:      layout_basic, mainiacjoe_overflow_tiny_flanked,
          nicolae_ru_the_path_less_chosen, portal_sewer_entry_d
Sewer:    sewer_minmay_treatment

Skill      XL: |  1  2  3  4 |
---------------+-------------+-----
Maces & Flails | 2 |  2.4
Fighting       | 3 |  3.4
Translocations | 3 |  3.1
Throwing       | 2 |  2.1
Spellcasting   | 3 |  3.1
Dodging        | |  2.6
Ice Magic      | |  0.5

Action                   |  1- 3 |  4- 6 || total
-------------------------+-------+-------++-------
Melee: Mace              |    29 |       ||    29
       Staff             |    81 |       ||    81
       Punch             |     3 |     1 ||     4
       War axe           |    11 |    38 ||    49
       Dagger            |       |    50 ||    50
Throw: Dart              |     3 |     4 ||     7
       Boomerang         |       |     1 ||     1
 Cast: Blink             |       |     3 ||     3
  Use: Scroll            |       |     3 ||     3
 Stab: Sleeping          |       |     1 ||     1
Armor: Robe              |    53 |    47 ||   100
Dodge: Dodged            |    81 |    52 ||   133

Table legend: (Time is in decaauts)
 A = Elapsed time spent in this place.
 B = Non-inter-level travel time spent in this place.
 C = Inter-level travel time spent in this place.
 D = Time resting spent in this place.
 E = Time spent auto-exploring this place.
 F = Levels seen in this place.
 G = Mean time per level.
                   A        B        C        D        E       F      G
               +--------+--------+--------+--------+--------+-----+--------+
         Total |   3033 |   3033 |      0 |    776 |   1322 |   4 |  758.2 |
       Dungeon |   2832 |   2832 |      0 |    682 |   1310 |   3 |  944.0 |
         Sewer |    200 |    200 |      0 |     94 |     12 |   1 |  200.0 |
               +--------+--------+--------+--------+--------+-----+--------+

Top non-repeatable levels by time:
     D:1: 1111 daAuts
     D:2: 1100 daAuts
     D:3: 620 daAuts
   Sewer: 200 daAuts
